 Dungeon Crawl Stone Soup version 0.31-a0-1074-g0b22e4e0f1 (webtiles) character file.

Game seed: 13101755476092299448

558 IdlyInterested the Changeling (level 7, -3/42 (50) HPs)
             Began as a Demonspawn Shapeshifter on Dec 8, 2023.
             Slain by Eustachio
             ... wielding a +2 falchion of draining
              (8 damage)
             ... on level 4 of the Dungeon.
             The game lasted 00:14:47 (2968 turns).

IdlyInterested the Changeling (DsSh)                Turns: 2968, Time: 00:14:48

HP:   -3/42 (50)    AC:  9    Str: 15    XL:     7   Next: 9%
MP:   7/7           EV: 12    Int: 11    God:
Gold: 184           SH:  4    Dex: 17    Spells: 6/6 levels left

rFire   . . .        l - +1 short sword (vamp)
rCold   x . .        (no shield)
rNeg    . . .        g - +1 robe {Will+}
rPois   +            (helmet currently unavailable)
rElec   .            (cloak currently unavailable)
rCorr   +            i - melded +1 pair of gloves "Trusted Companion" {Dex+5 Stlth+}
SInv    .            (boots currently unavailable)
Will    ++...        (no amulet)
Stlth   ++           r - ring of the Tired Thickets {rPois rC- rCorr Dex+3}
HPRegen 0.27/turn    s - ring of willpower
MPRegen 0.10/turn

%: no passive effects
@: beast-form, heavily drained
A: beast (slay +3), rugged brown scales 2, icemail 1, condensation shield,
weakness stinger 1
a: Begin Untransformation


You were on level 4 of the Dungeon.
You were a hulking beast.
You visited 2 branches of the dungeon, and saw 5 of its levels.

You collected 184 gold pieces.

Inventory:

Hand Weapons
 j - a +0 short sword
 l - a +1 vampiric short sword (weapon)
Missiles
 m - 36 stones (quivered)
 q - 6 boomerangs
Armour
 g - a +1 robe of willpower (worn)
 i - the +1 pair of gloves "Trusted Companion" (melded) {Dex+5 Stlth+}
   (You found it on level 2 of the Dungeon)

   Dex+5:     It affects your dexterity (+5).
   Stlth+:    It makes you more stealthy.
 k - a +0 leather armour of poison resistance
Jewellery
 r - the ring of the Tired Thickets (left hand) {rPois rC- rCorr Dex+3}
   (You found it on level 3 of the Dungeon)

   [ring of poison resistance]

   Dex+3:     It affects your dexterity (+3).
   rC-:       It makes you vulnerable to cold.
   rPois:     It protects you from poison rCorr: It protects you from acid and
   corrosion.
 s - a ring of willpower (right hand)
 w - a ring of positive energy
Talismans
 c - a beast talisman (active)
 d - a flux talisman
 f - a blade talisman
Wands
 o - a wand of iceblast (8)
Scrolls
 a - a scroll of enchant weapon
 t - a scroll of noise {unknown}
 y - a scroll of fog {unknown}
Potions
 b - a potion of attraction {unknown}
 e - a potion of mutation
 h - a potion of haste
 p - a potion of might
 u - a potion of invisibility {unknown}
 v - 2 potions of heal wounds {unknown}
 x - a potion of degeneration {unknown}


   Skills:
 - Level 1.0 Fighting
 - Level 1.0 Throwing
 - Level 1.0 Armour
 - Level 2.0 Dodging
 - Level 1.0 Stealth
 - Level 3.0 Unarmed Combat
 + Level 0.1 Evocations
 * Level 6.4 Shapeshifting


You had 6 spell levels left.
You didn't know any spells.
Your spell library contained the following spells:

 Spells                   Type           Power      Damage    Failure   Level
 Apportation              Tloc           0%         N/A       34%         1
 Freeze                   Ice            0%         1d3       34%         1
 Slow                     Hex            0%         N/A       34%         1
 Gell's Gravitas          Tloc           0%         N/A       71%         3
 Teleport Other           Tloc           0%         N/A       71%         3
 Dispersal                Tloc           0%         N/A       100%        6


Dungeon Overview and Level Annotations

Branches:
Dungeon (4/15)             Temple (1/1) D:4

Altars:
Cheibriados
Dithmenos
Fedhas
Gozag
Kikubaaqudgha
Makhleb
Okawaru
Qazlal
Ru
Sif Muna
Trog
Uskayaw
Wu Jian
Xom

Annotations:
D:4 Eustachio


Innate Abilities, Weirdness & Mutations

You are a hulking beast.
Your limbs bulge with bestial killing power. (Slay +3)
You are mostly covered in rugged brown scales. (AC +2, +5% HP)
A meltable icy envelope protects you from harm. (AC +4)
A meltable shield of frost defends you. (SH +4)
You have a small tail.


Message History

The white imp gestures at you. The puff of frost misses you.
You block the ufetubus's attack. The ufetubus closely misses you.
The quokka bites you but does no damage.
The ufetubus misses you.
The ufetubus hits you but does no damage.
The ufetubus hits you but does no damage.
You block the ufetubus's attack. The quasit closely misses you.
The quasit misses you.
The quasit claws you but does no damage.
The ufetubus hits you but does no damage.
The ufetubus hits you.
The quokka twitches its whiskers.
The quokka bites you.
* * * LOW HITPOINT WARNING * * *
You feel better. Eustachio closely misses you. The quokka closely misses you.
You hit Eustachio but do no damage.
Eustachio is severely wounded.
The quasit barely misses you. x2
The quasit claws you but does no damage.
Eustachio gestures wildly while chanting.
Eustachio blinks!
The quokka bites you.
The quasit bites you but does no damage.
The quasit claws you. x2
The white imp barely misses you.
Eustachio gestures wildly while chanting.
The quasit bites you but does no damage.
The quasit claws you but does no damage.
You block the quasit's attack.
You closely miss Eustachio. You punch Eustachio.
Eustachio is almost dead.
You block the quokka's attack. The white imp gestures at you.
The puff of frost hits you!
You feel a terrible chill!
* * * LOW HITPOINT WARNING * * *
The quasit barely misses you. x2
The quasit claws you but does no damage.
Eustachio hits you with a +2 falchion of draining!
You die...
Eustachio says, "Such is the fate of all honourless rascals."

#....#,,*....#**,,,,,...,
#.....#.......#*,****#.#,
#.......#.#.#.##,* #.##
*********#.....#.......#,* #.#.
,,,,,,,,,#)...#..#.....#,* #.#.
****,***,#...#....#....#,# #.##
*,***,#..#......#...#.# ##...
****,,##,#.#.r.@.5.....#.####....
,,,,,.,..#.....rh55...........>##
*****#.#.#######.r#..#.#.####..#
*....#.....ยง.##.#.#,# #..#
**#..#.[.....##.#.#,* #..#
#..........'..#.#,####..##
#..#.......####.#.#.......
#..#.......# #.#.##.#..##
########....####### #.#.##.#...#
.........#..## #.#.##.#...#


You could see Eustachio, a quasit (summoned), a white imp (summoned), an
ufetubus (summoned), 2 quokkas and a rat (summoned).

Vanquished Creatures
  Sigmund (D:2)
  A water moccasin (D:3)
  A hound (D:4)
  A jelly (D:4)
  An orc priest (D:3)
  Terence (D:3)
  An orc wizard (D:3)
  A gnoll (D:1)
  6 adders
  2 dart slugs
  17 orcs
  5 ball pythons
  8 endoplasms
  3 giant cockroaches
  5 goblins
  A hobgoblin (D:2)
  2 quokkas (D:3)
  6 bats
  9 kobolds
  5 rats
77 creatures vanquished.

Notes
Turn   | Place    | Note
-------+----------+-------------------------------------------
     0 | D:1      | IdlyInterested the Demonspawn Shapeshifter began the quest
                  | for the Orb.
     0 | D:1      | Reached XP level 1. HP: 15/15 MP: 1/1
   315 | D:1      | Reached skill level 3 in Shapeshifting
   318 | D:1      | Gained mutation: You are partially covered in rugged brown
                  | scales. (AC +1, +3% HP) [demonic ancestry]
   318 | D:1      | Reached XP level 2. HP: 8/21 MP: 2/2
   785 | D:2      | Noticed Sigmund
   802 | D:2      | Killed Sigmund
   803 | D:2      | Reached skill level 5 in Shapeshifting
   803 | D:2      | Gained mutation: A meltable shield of frost defends you.
                  | (SH +4) [demonic ancestry]
   803 | D:2      | Reached XP level 3. HP: 9/26 MP: 3/3
   803 | D:2      | Gained mutation: You are mostly covered in rugged brown
                  | scales. (AC +2, +5% HP) [demonic ancestry]
   803 | D:2      | Reached XP level 4. HP: 9/33 MP: 4/4
   803 | D:2      | Gained mutation: A meltable icy envelope protects you from
                  | harm. (AC +4) [demonic ancestry]
   803 | D:2      | Reached XP level 5. HP: 11/38 MP: 5/5
  1116 | D:2      | Got Dezeq's Beginning Course on the Mind of the Magus
  1407 | D:2      | Identified the +1 pair of gloves "Trusted Companion" {Dex+5
                  | Stlth+}
  1454 | D:3      | Noticed a water moccasin
  1475 | D:3      | Killed a water moccasin
  1476 | D:3      | Reached skill level 1 in Throwing
  1476 | D:3      | Reached XP level 6. HP: 18/45 MP: 6/6
  1599 | D:3      | Found a shimmering altar of Xom.
  1900 | D:3      | Reached skill level 6 in Shapeshifting
  1927 | D:3      | Found an iron altar of Okawaru.
  1985 | D:3      | Noticed Terence
  2003 | D:3      | Killed Terence
  2004 | D:3      | Reached skill level 1 in Armour
  2037 | D:3      | Found a faded altar of an unknown god.
  2069 | D:3      | Found a burning altar of Makhleb.
  2330 | D:3      | Identified the ring of the Tired Thickets {rPois rC- rCorr
                  | Dex+3}
  2631 | D:4      | Gained mutation: You have a small tail. [demonic ancestry]
  2631 | D:4      | Reached XP level 7. HP: 50/50 MP: 7/7
  2662 | D:4      | Reached skill level 1 in Stealth
  2692 | D:4      | Found a staircase to the Ecumenical Temple.
  2711 | Temple   | Entered the Ecumenical Temple
  2889 | D:4      | Noticed Eustachio
  2968 | D:4      | Slain by Eustachio

Illustrated notes

Levels and vault maps discovered:
D:1:      scummos_arrival_gate, layout_basic
D:2:      layout_rooms, nicolae_half_adder, uniq_sigmund
D:3:      layout_loops_ring, nicolae_overflow_crystal_walls, okawaru_trees_1,
          mainiacjoe_overflow_brackets, shapermc_ecumenical_altar_mp_highgroup,
          uniq_terence
D:4:      layout_basic, minmay_temple_entry_slanted,
          dreamdust_mushroom_princess, hangedman_decor_opposing, uniq_eustachio
Temple:   hellmonk_temple_forest_ring

Skill      XL: |  1  2  3  4  5  6  7 |
---------------+----------------------+-----
Shapeshifting  | 3 5 6 |  6.4
Unarmed Combat | 3 |  3.0
Dodging        | 2 |  2.0
Throwing       | 1 |  1.0
Armour         | 1 |  1.0
Stealth        | 1 |  1.0
Fighting       | |  1.0
Evocations     | |  0.1

Action                     |  1- 3 |  4- 6 |  7- 9 || total
---------------------------+-------+-------+-------++-------
  Melee: Unarmed           |    28 |       |       ||    28
         Short sword       |    27 |   223 |    56 ||   306
         Punch             |       |     3 |     4 ||     7
         Tailslap          |       |       |    11 ||    11
  Throw: Stone             |       |     9 |       ||     9
    Use: Potion            |     3 |       |     1 ||     4
         Scroll            |     2 |     4 |       ||     6
   Stab: Sleeping          |     1 |     1 |       ||     2
 Armour: Robe              |    27 |    71 |    84 ||   182
         Animal skin       |     4 |       |       ||     4
         Skin              |     5 |       |       ||     5
         Leather armour    |       |    28 |       ||    28
  Dodge: Dodged            |    31 |   124 |    85 ||   240
  Block: Other             |       |    30 |    20 ||    50
   Form: Beast             |       |     1 |       ||     1
         Flux              |       |     1 |       ||     1

Table legend: (Time is in decaauts)
 A = Elapsed time spent in this place.
 B = Non-inter-level travel time spent in this place.
 C = Inter-level travel time spent in this place.
 D = Time resting spent in this place.
 E = Time spent auto-exploring this place.
 F = Levels seen in this place.
 G = Mean time per level.
                   A        B        C        D        E       F      G
               +--------+--------+--------+--------+--------+-----+--------+
         Total |   2963 |   2777 |    186 |    318 |   1374 |   5 |  592.6 |
       Dungeon |   2961 |   2775 |    186 |    318 |   1374 |   4 |  740.2 |
        Temple |      1 |      1 |      0 |      0 |      0 |   1 |    1.0 |
               +--------+--------+--------+--------+--------+-----+--------+

Top non-repeatable levels by time:
     D:3: 976 daAuts
     D:1: 759 daAuts
     D:2: 718 daAuts
     D:4: 508 daAuts
  Temple: 1 daAuts
